General information
- name: BNet
- type: Ladder 1vs1/FFA
- host: Battle.net
- saver: fineX
map: TerenasStand
- players: 2
- length: 16:49
- speed: Fast
- version: 1.24 W3XP
- replay type: Public
» download(61 KB)
Players
team 1 (loser)

»
lisano (
green | 144 APM | 2416 actions | 16:47)
3 Blademaster
2 Wind Walk
1 Critical Strike
2 Shadow Hunter
1 Hex
1 Healing Wave
» actions
| Assign group hotkey | 21 | |
| Basic commands | 127 | |
| Build / train | 64 | |
| Enter build submenu | 14 | |
| Enter hero's abilities submenu | 5 | |
| Give item / drop item | 2 | |
| Remove unit from queue | 3 | |
| Right click | 977 | |
| Select / deselect | 375 | |
| Select group hotkey | 740 | |
| Use ability | 88 | |
2416 total
» units
» upgrades
| Berserker Strength | 1 | |
| Ensnare | 1 | |
| Pillage | 1 | |
3 total
» buildings
| Altar of Storms | 1 | |
| Orc Burrow | 6 | |
| Barracks | 1 | |
| Voodoo Lounge | 1 | |
| Stronghold | 3 | |
| War Mill | 1 | |
| Watch Tower | 1 | |
| Beastiary | 1 | |
| Spirit Lodge | 1 | |
16 total
» build order
00:08 Altar of Storms
00:19 Orc Burrow
00:46 Barracks
01:39 Orc Burrow
02:10 Voodoo Lounge
04:16 Orc Burrow
05:27 Stronghold
05:27 Stronghold
05:28 Stronghold
05:33 War Mill
05:46 Orc Burrow
06:32 Orc Burrow
06:36 Orc Burrow
06:59 Watch Tower
09:00 Beastiary
15:28 Spirit Lodge
» items
| Healing Salve | 3 | |
| Boots of Speed | 1 | |
| Dust of Appearance | 1 | |
| Lesser Clarity Potion | 5 | |
| Scroll of Speed | 1 | |
11 total
team 2 (winner)
fineX (
orange | 79 APM | 1330 actions | 16:49)
3 Blademaster
2 Wind Walk
1 Critical Strike
3 Shadow Hunter
2 Hex
1 Healing Wave
» actions
| Assign group hotkey | 109 | |
| Basic commands | 1 | |
| Build / train | 55 | |
| Enter build submenu | 15 | |
| Enter hero's abilities submenu | 6 | |
| Give item / drop item | 1 | |
| Remove unit from queue | 4 | |
| Right click | 608 | |
| Select / deselect | 185 | |
| Select group hotkey | 240 | |
| Use ability | 106 | |
1330 total
» units
| Peon | 7 | |
| Grunt | 7 | |
| Raider | 8 | |
| Spirit Walker | 2 | |
| Demolisher | 3 | |
27 total
» upgrades
| Berserker Strength | 1 | |
| Pillage | 1 | |
| Ensnare | 1 | |
| Melee Weapons | 2 | |
| Armor | 1 | |
6 total
» buildings
| Altar of Storms | 1 | |
| Orc Burrow | 7 | |
| Barracks | 2 | |
| Voodoo Lounge | 1 | |
| Stronghold | 1 | |
| Beastiary | 1 | |
| Spirit Lodge | 1 | |
| War Mill | 1 | |
| Fortress | 1 | |
16 total
» build order
00:04 Altar of Storms
00:07 Orc Burrow
00:39 Barracks
00:59 Barracks
01:25 Voodoo Lounge
01:54 Orc Burrow
03:18 Stronghold
04:08 Orc Burrow
05:42 Orc Burrow
05:48 Beastiary
06:01 Spirit Lodge
07:03 War Mill
12:00 Orc Burrow
12:01 Orc Burrow
12:01 Orc Burrow
15:06 Fortress
» items
| Healing Salve | 3 | |
| Lesser Clarity Potion | 5 | |
8 total
Chat log
(00:31 / All) fineX: wow why bet always put me against good ppl
(01:13 / All) lisano: that's good
(01:16 / All) fineX: no
(02:00 / All) fineX: gl hf
(02:04 / All) lisano: u too
(16:44 / All) lisano: gg